 Dungeon Crawl Stone Soup version 0.22-a0-824-g1ca9aab89c (console) character file.

7886 Lexodia the Grappler (level 11, -5/116 HPs)
             Began as a Troll Chaos Knight on July 23, 2018.
             Slain by an eight-headed hydra (7 damage)
             ... on level 10 of the Dungeon on July 24, 2018.
             The game lasted 00:31:01 (6851 turns).

Lexodia the Grappler (Troll Chaos Knight)           Turns: 6851, Time: 00:31:10

Health: -5/116     AC:  8    Str: 25    XL:     11   Next: 2%
Magic:  0/10       EV: 14    Int: 11    God:    Xom [.....*]
Gold:   316        SH: 17    Dex: 14    Spells: 10/10 levels left

rFire    . . .     SeeInvis .     - Unarmed
rCold    . . .     Gourm    +   s - +0 large shield
rNeg     + . .     Faith    .   a - +2 robe
rPois    .         Spirit   +   (helmet restricted)
rElec    .         Reflect  .   c - scarf {repulsion}
rCorr    .         Harm     .   (gloves unavailable)
MR       .....                  (boots unavailable)
Stlth    ++........             L - amulet of guardian spirit
HPRegen  0.69/turn              A - +1 ring of protection
MPRegen  0.12/turn              m - ring "Nulaim" {rN+ Int+3}

@: agile, repel missiles
A: large, unfitting armour, claws 3, fast metabolism 3, gourmand, mutation
resistance 1, regeneration 1, robust 2, shaggy fur 1, tough skin 2
a: Renounce Religion


You were on level 10 of the Dungeon.
You worshipped Xom.
You were Xom's teddy bear.
You were completely stuffed.

You visited 1 branch of the dungeon, and saw 10 of its levels.
You also visited: Ossuary.

You collected 541 gold pieces.
You spent 225 gold pieces at shops.

Inventory:

Armour
 a - a +2 robe (worn)
 c - a scarf of repulsion (worn)
 s - a +0 large shield (worn)
 F - a +0 cloak
Jewellery
 i - an uncursed ring of wizardry
 k - an uncursed ring of protection from magic
 m - the ring "Nulaim" (right claw) {rN+ Int+3}
   (Xom gifted it to you on level 4 of the Dungeon)

   [ring of intelligence]

   It affects your intelligence (+3).
   It protects you from negative energy.
 t - an uncursed ring of resist corrosion
 A - a +1 ring of protection (left claw)
 H - an uncursed ring of protection from cold
 I - an uncursed ring of ice
 L - an amulet of guardian spirit (around neck)
Wands
 v - a wand of paralysis (3)
 y - a wand of random effects (26)
 J - a wand of acid (11)
Scrolls
 h - 3 scrolls of identify
 j - 8 scrolls of teleportation
 n - 7 scrolls of remove curse
 r - 3 scrolls of fear {unknown}
 u - a scroll of enchant armour {unknown}
 x - a scroll of magic mapping {unknown}
 C - a scroll of noise {unknown}
 D - 2 scrolls of enchant weapon
 E - a scroll of blinking
 M - a scroll of fog {unknown}
Potions
 d - 5 potions of curing
 e - a potion of invisibility
 f - 2 potions of magic
 g - 2 potions of haste
 l - a potion of cancellation
 o - 6 potions of heal wounds
 p - 2 potions of mutation
 q - 3 potions of agility
 w - a potion of might
 z - a potion of brilliance
 B - a potion of flight
 K - a potion of ambrosia {unknown}
Comestibles
 b - 16 rations
 G - 2 chunks of flesh


   Skills:
 - Level 3.0 Fighting
 - Level 4.0 Dodging
 + Level 7.0 Shields
 * Level 13.7 Unarmed Combat


You had 10 spell levels left.
You didn't know any spells.
Your spell library contained the following spells:

 Spells                   Type           Power        Failure   Level  Hunger
 Confuse                  Hex            #.......     99%         3    ####...
 Tukima's Dance           Hex            #.......     99%         3    ####...
 Ensorcelled Hibernation  Hex/Ice        #.....       96%         2    ###....
 Corona                   Hex            #......      89%         1    ##.....
 Dazzling Spray           Conj/Hex       #.....       99%         3    ####...


Dungeon Overview and Level Annotations

Branches:
Dungeon (10/15)            Temple (0/1) D:4
   Lair: D:8-11         Orc: D:9-12

Altars:
Hepliaklqana
Okawaru
Xom

Shops:
D:4 %[![%


Innate Abilities, Weirdness & Mutations

You are too large for most types of armour.
You have claws for hands.
Your metabolism is lightning-fast.
You like to eat raw meat.
Your natural rate of healing is unusually fast.
You are covered in fur. (AC +1)
You have very tough skin. (AC +2)
You are somewhat resistant to further mutation.
You are very robust. (+20% HP)


Message History

Unknown command.
You miss the tengu warrior.
The tengu warrior is almost dead.
The bullfrog closely misses you.
The tengu warrior hits you with a great sword!!
The tengu warrior pecks you but does no damage.
You block the tengu warrior's attack. You block the shadow's attack.
You block the ogre's attack. The eight-headed hydra bites you! x2
* * * LOW HITPOINT WARNING * * *
The eight-headed hydra bites you but does no damage.
The eight-headed hydra bites you.
* * * LOW HITPOINT WARNING * * *
The eight-headed hydra bites you!
* * * LOW HITPOINT WARNING * * *
The eight-headed hydra bites you but does no damage.
The eight-headed hydra bites you!
* * * LOW HITPOINT WARNING * * *
The eight-headed hydra bites you!
You die...
Xom thinks this is hilarious!

...##.# ...#..# ....
#........ ......#
....##........ ......#
.........$...
...##.######....#....#
.####............... ##
#.............# . #
#..........ODQ##.... #
###...........@F......
###...#.........#W...#..
......#.........#.......
......#.........#......#
......#.........#......#
......#)........#=......
......######....######..
.................... ..
...........#########


You could see an eight-headed hydra, a tengu warrior, an ogre, a shadow and a
bullfrog.

Vanquished Creatures
  Erica (D:8)
  A two-headed ogre (D:10)
  Pikel (D:7)
  Joseph (D:7)
  5 hippogriffs
  A wyvern (D:9)
  A hungry ghost (D:9)
  Menkaure (D:5)
  Edmund (D:5)
  2 water moccasins (D:9)
  Duvessa (D:5)
  2 orc warriors
  A sky beast (D:8)
  2 eyes of draining
  An ice beast (D:9)
  2 slaves (D:7)
  A centaur (D:7)
  4 ogres
  2 big kobolds (D:8)
  Blork the orc (D:5)
  5 bullfrogs
  A gnoll sergeant (D:6)
  A water moccasin zombie (Ossuary)
  Dowan (D:5)
  2 scorpions
  4 wights
  A howler monkey (D:6)
  3 centaur zombies
  A crimson imp (D:5)
  2 bullfrog zombies (Ossuary)
  2 quasits
  A jelly (D:5)
  3 orc priests
  5 hounds
  17 mummies (Ossuary)
  8 orc wizards
  A gnoll shaman (D:5)
  Ijyb (D:5)
  4 iguanas
  Natasha (twice) (D:2)
  3 worker ants
  A killer bee zombie (Ossuary)
  3 hound zombies
  A hound skeleton (D:9)
  2 worker ant zombies
  14 gnolls
  11 adders
  An adder zombie (Ossuary)
  An adder skeleton (D:6)
  2 worms
  A dart slug (D:4)
  8 leopard geckos
  24 orcs
  2 ball pythons
  6 giant cockroaches
  4 hobgoblins
  4 jackals (D:3)
  2 quokkas
  A ball python zombie (D:5)
  7 bats
  4 frilled lizards
  12 goblins
  A jackal skeleton (D:4)
  2 jackal zombies
  15 kobolds
  A leopard gecko skeleton (D:6)
  A quokka skeleton (D:7)
  2 quokka zombies
  8 rats
241 creatures vanquished.

Vanquished Creatures (collateral kills)
  4 wights (D:6)
4 creatures vanquished.

Vanquished Creatures (others)
  Natasha (D:2)
  A gnoll (D:3)
  A leopard gecko (D:2)
  A giant cockroach (D:2)
  A goblin (D:2)
  2 withered plants (Ossuary)
7 creatures vanquished.

Grand Total: 252 creatures vanquished

Notes
Turn   | Place    | Note
-------+----------+-------------------------------------------
     0 | D:1      | Lexodia the Troll Chaos Knight began the quest for the Orb.
     0 | D:1      | Reached XP level 1. HP: 22/22 MP: 0/0
    67 | D:1      | Reached XP level 2. HP: 25/29 MP: 1/1
   254 | D:1      | XOM: divination: detect creatures
   389 | D:1      | XOM: harmless Tmut miscast
   605 | D:1      | XOM: cloud trail
   655 | D:1      | Huge Dmg: 6 dmg
   915 | D:1      | XOM: harmless Summ miscast
   963 | D:2      | XOM: harmless Tloc miscast
   966 | D:2      | Noticed Natasha
   969 | D:2      | Paralysed by fainting for 9 turns
   975 | D:2      | Killed Natasha
   975 | D:2      | XOM: divine lightning
   978 | D:2      | Huge Dmg: 7 dmg
   992 | D:2      | Huge Dmg: 6 dmg
  1004 | D:2      | XOM: divination: detect items
  1015 | D:2      | Reached XP level 3. HP: 36/36 MP: 2/2
  1057 | D:2      | XOM: give mutations
  1057 | D:2      | Gained mutation: You are robust. (+10% HP) [Xom's grace]
  1057 | D:2      | Gained mutation: You are very robust. (+20% HP) [Xom's grace]
  1072 | D:2      | XOM: god gift: 61 gold pieces
  1081 | D:2      | Noticed Natasha
  1082 | D:2      | XOM: cleaving
  1094 | D:2      | Killed Natasha
  1119 | D:2      | XOM: fake destruction
  1256 | D:2      | Reached XP level 4. HP: 54/54 MP: 3/3
  1325 | D:2      | XOM: scenery: create altars
  1332 | D:2      | Noticed Natasha
  1334 | D:2      | XOM: summons 4 friendly demons
  1340 | D:2      | Killed Natasha
  1340 | D:2      | Reached skill level 4 in Unarmed Combat
  1554 | D:3      | XOM: divination: magic mapping
  1630 | D:3      | Reached XP level 5. HP: 58/63 MP: 4/4
  1985 | D:3      | XOM: cloud trail
  1992 | D:3      | Found an iron altar of Okawaru.
  1992 | D:3      | XOM: noise
  2040 | D:3      | XOM: divination: detect creatures
  2140 | D:4      | Found Gewiopom's Antique Armour Boutique.
  2149 | D:4      | Bought a runed scarf for 176 gold pieces
  2175 | D:4      | Reached skill level 5 in Unarmed Combat
  2185 | D:4      | Found Guogruaq's Food Boutique.
  2208 | D:4      | Found Amom's Distillery.
  2331 | D:4      | Found Anysul's Food Boutique.
  2336 | D:4      | Reached XP level 6. HP: 73/73 MP: 5/5
  2442 | D:4      | Found a staircase to the Ecumenical Temple.
  2450 | D:4      | Found a sand-covered staircase.
  2452 | D:4      | XOM: god gift: ancient amber ring {god gift}
  2453 | D:4      | Got an ancient amber ring {god gift}
  2457 | Ossuary  | Entered an ossuary
  2459 | Ossuary  | Identified the ring "Nulaim" {rN+ Int+3} (Xom gifted it to you on level 4 of the Dungeon)
  2499 | Ossuary  | XOM: destruction
  2515 | Ossuary  | Reached skill level 6 in Unarmed Combat
  2534 | Ossuary  | Reached XP level 7. HP: 64/80 MP: 6/6
  2582 | Ossuary  | Reached skill level 7 in Unarmed Combat
  2600 | Ossuary  | XOM: scenery: 1 doors close
  2799 | D:4      | XOM: give mutation
  2799 | D:4      | Gained mutation: You are somewhat resistant to further mutation. [Xom's grace]
  2883 | D:4      | Found Wyoquock's Armour Shop.
  2891 | D:4      | Bought a +0 large shield for 49 gold pieces
  2891 | D:4      | Upgraded the game from 0.22-a0-812-g4c1e2d5471 to 0.22-a0-824-g1ca9aab89c
  3028 | D:5      | Entered Level 5 of the Dungeon
  3047 | D:5      | Reached skill level 8 in Unarmed Combat
  3074 | D:5      | Noticed Edmund
  3091 | D:5      | Killed Edmund
  3091 | D:5      | Reached skill level 1 in Shields
  3091 | D:5      | Reached XP level 8. HP: 56/90 MP: 7/7
  3125 | D:5      | XOM: divination: magic mapping
  3142 | D:5      | Noticed Blork the orc
  3143 | D:5      | XOM: potion effect (agility)
  3146 | D:5      | XOM: divination: magic mapping
  3151 | D:5      | Killed Blork the orc
  3159 | D:5      | Noticed Ijyb
  3167 | D:5      | Killed Ijyb
  3220 | D:5      | Noticed Menkaure
  3221 | D:5      | XOM: cast spell 'Ring of Flames'
  3223 | D:5      | Killed Menkaure
  3232 | D:5      | Noticed Duvessa
  3232 | D:5      | Noticed Dowan
  3247 | D:5      | XOM: confusion
  3256 | D:5      | Killed Dowan
  3256 | D:5      | Reached skill level 9 in Unarmed Combat
  3258 | D:5      | Huge Dmg: 12 dmg
  3258 | D:5      | Killed Duvessa
  3629 | D:5      | XOM: medium Fire miscast
  3630 | D:5      | Huge Dmg: 22 dmg
  3678 | D:5      | XOM: stat loss: -1 Str (22/23)
  3770 | D:5      | XOM: mild Tloc miscast
  3800 | D:5      | XOM: cleaving
  3970 | D:6      | XOM: cleaving
  3973 | D:6      | Reached skill level 10 in Unarmed Combat
  4103 | D:6      | Reached XP level 9. HP: 97/97 MP: 0/8
  4132 | D:6      | XOM: cloud trail
  4398 | D:6      | XOM: noise
  4529 | D:6      | XOM: god gift: scroll labeled HUKAUDDUPY {god gift}
  4675 | D:7      | Noticed Joseph
  4682 | D:7      | Killed Joseph
  4723 | D:7      | Reached skill level 11 in Unarmed Combat
  4933 | D:7      | Noticed Pikel
  4945 | D:7      | Killed Pikel
  4945 | D:7      | Reached skill level 5 in Shields
  5125 | D:7      | XOM: enchant monster (good)
  5219 | D:8      | XOM: 4-stop teleportation journey
  5220 | D:8      | Noticed Erica
  5221 | D:8      | XOM: fog
  5222 | D:8      | XOM: enchant monster (good)
  5226 | D:8      | Killed Erica
  5226 | D:8      | Reached skill level 12 in Unarmed Combat
  5226 | D:8      | Reached XP level 10. HP: 106/109 MP: 9/9
  5228 | D:8      | XOM: cloud trail
  5244 | D:8      | XOM: cleaving
  5245 | D:8      | Huge Dmg: 35 dmg
  5330 | D:8      | XOM: enchant monster (bad)
  5646 | D:8      | XOM: medium Pois miscast
  5657 | D:8      | XOM: medium Necr miscast
  5658 | D:8      | Huge Dmg: 36 dmg
  5928 | D:9      | XOM: silly message
  5942 | D:9      | XOM: noise
  5947 | D:9      | Reached skill level 13 in Unarmed Combat
  6031 | D:9      | Found a hazy altar of Hepliaklqana.
  6078 | D:9      | XOM: 3-stop teleportation journey
  6167 | D:9      | XOM: mild Fire miscast
  6636 | D:9      | XOM: mild Necr miscast
  6733 | D:10     | Entered Level 10 of the Dungeon
  6733 | D:10     | Noticed a two-headed ogre
  6737 | D:10     | XOM: confuse monster(s)
  6740 | D:10     | Huge Dmg: 18 dmg
  6741 | D:10     | Killed a two-headed ogre
  6751 | D:10     | XOM: cleaving
  6754 | D:10     | Reached XP level 11. HP: 84/116 MP: 8/10
  6840 | D:10     | Noticed a tengu warrior
  6841 | D:10     | Noticed an eight-headed hydra
  6850 | D:10     | Huge Dmg: 26 dmg
  6851 | D:10     | HP: 2/116 [eight-headed hydra (10)]
  6851 | D:10     | Slain by an eight-headed hydra

Vault maps used:
D:1:      roderic_crop_circles_arrival_small, serial_co_window_serial,
          co_window_paths_b, co_window_of_opportunity_a, co_window_paths_b,
          co_window_cross_1, co_window_of_opportunity_a, co_window_2corner,
          co_window_broadway_b, co_window_cross_4, co_window_corner_b,
          glass_columns_c, glass_columns_b, glass_columns_a, glass_columns_b,
          glass_columns_b, minmay_close_crescents
D:2:      first_ration, uniq_natasha
D:3:      okawaru_altar_gauntlet_db
D:4:      minmay_temple_entry_trees, nicolae_ossuary_entry_plus, serial_shops,
          shop, nicolae_shop_stone, shop, nicolae_shop_stone, shop
D:5:      minmay_bent, uniq_edmund, uniq_duvessa, uniq_ijyb, uniq_blork_the_orc,
          uniq_menkaure
D:7:      uniq_pikel, uniq_joseph
D:8:      uniq_erica
D:9:      kennysheep_mini_moat, grunt_ogre_cave
D:10:     minmay_cut_squares
Ossuary:  ossuary_zaba_flooded

Skill      XL: |  1  2  3  4  5  6  7  8  9 10 |
---------------+-------------------------------+-----
Dodging        | 2 3 4 |  4.0
Fighting       | 3 |  3.0
Unarmed Combat | 4 5 6 8 10 12 13 | 13.7
Shields        | 1 3 5 7 |  7.0

Action                   |  1- 3 |  4- 6 |  7- 9 | 10-12 || total
-------------------------+-------+-------+-------+-------++-------
Melee: Unarmed           |    99 |   173 |   293 |   233 ||   798
       Punch             |       |       |     6 |       ||     6
  Use: Scroll            |       |     8 |     2 |     9 ||    19
       Potion            |       |       |     1 |     1 ||     2
 Stab: Sleeping          |     1 |       |       |       ||     1
       Paralysed         |       |       |     5 |       ||     5
       Confused          |       |       |       |     2 ||     2
  Eat: Chunk             |    14 |    11 |    25 |    22 ||    72
       Ration            |     1 |       |       |       ||     1
Armor: Robe              |    54 |    48 |    51 |    54 ||   207
Dodge: Dodged            |    40 |    97 |    77 |    36 ||   250
       Deflected         |       |       |     2 |     1 ||     3
Block: Large shield      |       |       |    60 |   145 ||   205

Table legend:
 A = Spawn XP
 B = Non-spawn XP
 C = Spawn XP percentage of total XP
 D = Spawn monster count
 E = Non-spawn monster count
 F = Spawn count percentage of total count
 G = Total turns spent on level
                    A         B        C        D         E        F      G
               +---------+---------+-------+---------+---------+-------+---------
         Total |       0 |   11267 |   0.0 |       0 |     244 |   0.0 |  6851
               +---------+---------+-------+---------+---------+-------+---------
           D:1 |       0 |      28 |   0.0 |       0 |      16 |   0.0 |   919
           D:2 |       0 |     101 |   0.0 |       0 |      21 |   0.0 |   511
           D:3 |       0 |     170 |   0.0 |       0 |      38 |   0.0 |   703
           D:4 |       0 |     130 |   0.0 |       0 |      11 |   0.0 |   574
           D:5 |       0 |    1293 |   0.0 |       0 |      31 |   0.0 |   902
           D:6 |       0 |     830 |   0.0 |       0 |      25 |   0.0 |   648
           D:7 |       0 |    1741 |   0.0 |       0 |      13 |   0.0 |   630
           D:8 |       0 |    2728 |   0.0 |       0 |      29 |   0.0 |   531
           D:9 |       0 |    2036 |   0.0 |       0 |      28 |   0.0 |   994
          D:10 |       0 |    1463 |   0.0 |       0 |       4 |   0.0 |   118
       Ossuary |       0 |     747 |   0.0 |       0 |      28 |   0.0 |   321
               +---------+---------+-------+---------+---------+-------+---------
